 Dungeon Crawl Stone Soup version 0.30-a0-618-gd6c86c23d0 (webtiles) character file.

Game seed: 18364731120621594123

68 Dirtsage the Chopper (level 4, 36/36 HPs)
             Began as a Demonspawn Fighter on Jan 9, 2023.
             Quit the game on level 2 of the Dungeon.
             The game lasted 00:02:00 (1116 turns).

Dirtsage the Chopper (Demonspawn Fighter)           Turns: 1116, Time: 00:02:00

Health: 36/36      AC:  7    Str: 19    XL:     4   Next: 1%
Magic:  4/4        EV:  9    Int:  9    God:
Gold:   76         SH:  4    Dex: 12    Spells: 3/3 levels left

rFire   . . .      SeeInvis .    a - +0 war axe
rCold   . . .      Faith    .    c - +0 buckler
rNeg    + . .      Spirit   .    b - +0 scale mail
rPois   .          Reflect  .    (no helmet)
rElec   .          Harm     .    (no cloak)
rCorr   .          Rampage  .    (no gloves)
Will    .....                    (no boots) Stlth
                                 (no amulet)
HPRegen 0.26/turn                N - ring of positive energy
MPRegen 0.09/turn                (no ring)

@: no status effects
A: rugged brown scales 1, powered by pain 1, demonic touch 1
a: no special abilities


You were on level 2 of the Dungeon.
You visited 1 branch of the dungeon, and saw 2 of its levels.

You collected 76 gold pieces.

Inventory:

Hand Weapons
 a - a +0 war axe (weapon)
Armour
 b - a +0 scale mail (worn)
 c - a +0 buckler (worn)
Jewellery
 N - a ring of positive energy (left hand)
Scrolls
 e - a scroll of magic mapping {unknown}
 g - a scroll of silence {unknown}
 h - a scroll of enchant armour {unknown}
Potions
 d - 2 potions of might
 f - a potion of haste {unknown}
 i - a potion of curing {unknown}


   Skills:
 - Level 3.0 Fighting
 + Level 3.9 Axes
 - Level 2.6 Armour
 - Level 2.6 Shields


You had 3 spell levels left.
You didn't know any spells.
Your spell library contained the following spells:

 Spells                   Type           Power      Damage    Failure   Level
 Sandblast                Erth           0%         2d4       86%         1
 Passwall                 Tmut/Erth      0%         N/A       94%         2
 Portal Projectile        Hex/Tloc       0%         N/A       99%         3
 Stone Arrow              Conj/Erth      0%         3d7       99%         3
 Tukima's Dance           Hex            0%         N/A       99%         3
 Blade Hands              Tmut           0%         N/A       100%        5


Dungeon Overview and Level Annotations

Branches:
Dungeon (2/15)

Altars:


Innate Abilities, Weirdness & Mutations

You are partially covered in rugged brown scales. (AC +1, +3% HP)
You sometimes gain a little power by taking damage.
Your touch may inflict minor irresistible damage on your foes.


Message History

You block the endoplasm's attack.
You barely miss the endoplasm.
The endoplasm is heavily wounded.
The endoplasm hits you.
You take 2 damage, and have 26/29 hp.
You hit the endoplasm but do no damage.
The endoplasm is heavily wounded.
The endoplasm freezes you.
You are frozen.
The endoplasm hits you but does no damage.
You take 1 damage, and have 25/29 hp.
You slash the endoplasm!
You kill the endoplasm!
You now have 67 gold pieces (gained 3).
Found a stone staircase leading up.
Health restored: 29 You now have 76 gold pieces (gained 9).
i - a golden potion A frilled lizard comes into view.
The frilled lizard hisses angrily.
A frilled lizard is nearby!
An endoplasm comes into view.
The frilled lizard unfolds its giant frill.
The endoplasm quivers.
The frilled lizard barely misses you.
You closely miss the frilled lizard. The frilled lizard closely misses you.
You closely miss the frilled lizard. The frilled lizard closely misses you.
The frilled lizard barely misses you.
You slash the frilled lizard!
You kill the frilled lizard!
You hit the endoplasm.
The endoplasm is heavily wounded.
The endoplasm barely misses you.
You slash the endoplasm!
You kill the endoplasm!
You have reached level 4!
You feel stronger.
Your demonic ancestry asserts itself...
Your hands begin to faintly glow with unholy energy.
Health restored: 36; MP restored: 4 Are you sure you want to abandon this character and quit the game? (Confirm with "yes".)

### ..# #.# #.#
..# ##.### ..#
#.... ..
##.#####.## .#
#....†@...#
##.##
#..######.#
#####...##.
##.###.....#...<
#...##.###...#
#..###...# ##.##
....# ##.## #.#
..... #.# ##.##
####
##.####.#.###
#......###...


There were no monsters in sight!

Vanquished Creatures
  Natasha (D:2)
  A worm (D:2)
  2 dart slugs (D:1)
  5 ball pythons
  2 endoplasms (D:2)
  A giant cockroach (D:1)
  4 goblins (D:1)
  4 hobgoblins (D:1)
  2 quokkas
  6 bats
  A frilled lizard (D:2)
  5 kobolds (D:1)
  4 rats (D:1)
38 creatures vanquished.

Notes
Turn   | Place    | Note
-------+----------+-------------------------------------------
     0 | D:1      | Dirtsage the Demonspawn Fighter began the quest for the
                  | Orb.
     0 | D:1      | Reached XP level 1. HP: 18/18 MP: 1/1
   120 | D:1      | Gained mutation: You are partially covered in rugged brown
                  | scales. (AC +1, +3% HP) [demonic ancestry]
   120 | D:1      | Reached XP level 2. HP: 15/24 MP: 2/2
   361 | D:1      | Noticed a golden eye
   363 | D:1      | Found a faded altar of an unknown god.
   364 | D:1      | Noticed a shining eye
   364 | D:1      | Noticed a golden eye
   364 | D:1      | Noticed a golden eye
   368 | D:1      | Gained mutation: You sometimes gain a little power by
                  | taking damage. [demonic ancestry]
   368 | D:1      | Reached XP level 3. HP: 29/29 MP: 3/3
   852 | D:2      | Noticed Natasha
   861 | D:2      | HP: 1/29 [white imp[Natasha] (2)]
   866 | D:2      | Killed Natasha
  1116 | D:2      | Gained mutation: Your touch may inflict minor irresistible
                  | damage on your foes. [demonic ancestry]
  1116 | D:2      | Reached XP level 4. HP: 36/36 MP: 4/4
  1116 | D:2      | Quit the game

Illustrated notes

Levels and vault maps discovered:
D:1:      dpeg_arrival_connections, layout_loops_ring,
          hellmonk_ecumenical_altar_watching_god
D:2:      layout_loops_ring, uniq_natasha

Skill      XL: |  1  2 |
---------------+-------+-----
Axes           | 2 3 |  3.9
Fighting       | |  3.0
Armour         | |  2.6
Shields        | |  2.6

Action                   |  1- 3 |  4- 6 || total
-------------------------+-------+-------++-------
Melee: War axe           |   105 |       ||   105
Armor: Scale mail        |    54 |       ||    54
Dodge: Dodged            |    49 |       ||    49
Block: Buckler           |    24 |       ||    24

Table legend: (Time is in decaauts)
 A = Elapsed time spent in this place.
 B = Non-inter-level travel time spent in this place.
 C = Inter-level travel time spent in this place.
 D = Time resting spent in this place.
 E = Time spent auto-exploring this place.
 F = Levels seen in this place.
 G = Mean time per level.
                   A        B        C        D        E       F      G
               +--------+--------+--------+--------+--------+-----+--------+
         Total |   1172 |   1169 |      3 |    103 |    813 |   2 |  586.0 |
       Dungeon |   1172 |   1169 |      3 |    103 |    813 |   2 |  586.0 |
               +--------+--------+--------+--------+--------+-----+--------+

Top non-repeatable levels by time:
     D:1: 852 daAuts
     D:2: 319 daAuts
